 Dungeon Crawl Stone Soup version 0.18-a0-1561-g7b1e397 (webtiles) character file.

299 Lusmu the Chiller (level 6, -3/41 HPs)
             Began as a Merfolk Ice Elementalist on Mar 13, 2016.
             Slain by an ogre
             ... wielding a +0 giant spiked club
              (26 damage)
             ... on level 4 of the Dungeon.
             The game lasted 00:27:03 (5607 turns).

Lusmu the Chiller (Merfolk Ice Elementalist)        Turns: 5607, Time: 00:27:03

Health: -3/41      AC: 10    Str:  9    XL:     6   Next: 36%
Magic:  0/9        EV: 15    Int: 15    God:
Gold:   180        SH:  0    Dex: 15    Spells: 3 memorised, 3 levels left

rFire  . . .     SeeInvis .     j - +0 dagger
rCold  . . .     Gourm    .     a - +0 robe
rNeg   . . .     Faith    .     (no shield)
rPois  .         Spirit   .     l - +0 helmet
rElec  .         Dismiss  .     (no cloak)
rCorr  .         Reflect  .     g - +0 pair of gloves
SustAt .         Harm     .     (no boots)
MR     .....                    (no amulet)
Stlth  ++........               (no ring)
                                (no ring)

@: icy armour, slow, not resistant to hostile enchantments, unstealthy
A: change form in water, swift swim
a: no special abilities


You were on level 4 of the Dungeon.
You were not hungry.

You visited 1 branch of the dungeon, and saw 4 of its levels.

You collected 180 gold pieces.

Inventory:

Hand Weapons
 j - a +0 dagger (weapon)
Missiles
 i - 13 poisoned needles (quivered)
Armour
 a - a +0 robe (worn)
 g - a +0 pair of gloves (worn)
 l - a +0 helmet (worn)
Wands
 t - a wand of polymorph (12/24)
Scrolls
 h - a scroll of teleportation
 o - a scroll of recharging {unknown}
 p - a scroll of enchant weapon {unknown}
 r - a scroll of amnesia {unknown}
Potions
 d - a potion of curing {unknown}
 e - 2 potions of agility {unknown}
 f - a potion of mutation {unknown}
 k - a potion of heal wounds {unknown}
 m - a potion of degeneration {unknown}
 n - a potion of flight {unknown}
Books
 b - a book of Frost

   Spells                             Type                      Level
   a - Freeze                         Ice                          1
   b - Throw Frost                    Conjuration/Ice              2
   c - Ozocubu's Armour               Charms/Ice                   3
   d - Throw Icicle                   Conjuration/Ice              4
   e - Summon Ice Beast               Ice/Summoning                4
Comestibles
 c - 2 bread rations


   Skills:
 - Level 5.2 Dodging
 - Level 2.1 Stealth
 - Level 2.0 Spellcasting
 - Level 0.7 Conjurations
 * Level 2.4 Charms
 * Level 5.9 Ice Magic


You had 3 spell levels left.
You knew the following spells:

 Your Spells              Type           Power        Failure   Level  Hunger
a - Freeze                Ice            ###.         1%          1    #......
b - Throw Frost           Conj/Ice       ##....       12%         2    ###....
c - Ozocubu's Armour      Chrm/Ice       ##......     14%         3    ###....


Dungeon Overview and Level Annotations

Branches:
Dungeon (4/15)
 Temple: D:4-7

Altars:
Makhleb


Message History

Press: ? - help, Shift-Dir - straight line, f/p - ogre
Aim: an ogre, wielding a giant spiked club (moderately wounded)
You freeze the ogre.
The ogre is heavily wounded.
The ogre closely misses you.
Casting: Freeze
Confirm with . or Enter, or press ? or * to list all spells.
Aiming: Freeze
Press: ? - help, Shift-Dir - straight line, f/p - ogre
Aim: an ogre, wielding a giant spiked club (heavily wounded)
You freeze the ogre.
The ogre is severely wounded.
You hit the ogre.
The ogre is severely wounded.
The ogre barely misses you.
You hit the ogre but do no damage.
The ogre is severely wounded.
The ogre hits you with a giant spiked club!!
Ouch! That really hurt!
You die...

####### ... .# ##...<.##
#.. .# ##.......## #.. .###
#.........# #.. ..#
#.........# #..## #.#
#.........# #..#
#.###.........#
#..#####.............#
#######.........@O.....(..#
.......(..#######...(.....#
########..# #..!.>(...#
#### #...).....#
#.........# #...... #.....
#####


You could see an ogre.

Vanquished Creatures
  A scorpion (D:4)
  Jessica (D:3)
  Ijyb (D:2)
  6 adders
  4 gnolls (D:4)
  An ooze (D:2)
  5 worms
  2 dart slugs
  3 giant geckos
  2 orcs (D:3)
  4 giant cockroaches
  3 hobgoblins
  2 jackals (D:2)
  3 quokkas (D:3)
  7 bats
  2 giant newts (D:2)
  13 goblins
  14 kobolds
  7 rats
81 creatures vanquished.

Vanquished Creatures (others)
  A rat (D:1)
1 creature vanquished.

Grand Total: 82 creatures vanquished

Notes
Turn   | Place    | Note
--------------------------------------------------------------
     0 | D:1      | Lusmu the Merfolk Ice Elementalist began the quest for the Orb.
     0 | D:1      | Reached XP level 1. HP: 13/13 MP: 3/3
   475 | D:1      | Reached XP level 2. HP: 19/19 MP: 5/5
  1515 | D:2      | Reached XP level 3. HP: 18/24 MP: 4/6
  1631 | D:1      | Learned a level 2 spell: Throw Frost
  1830 | D:2      | Found a faded altar to an unknown god.
  2432 | D:2      | Reached XP level 4. HP: 25/30 MP: 3/7
  2877 | D:2      | Noticed Ijyb
  2907 | D:2      | Killed Ijyb
  2907 | D:2      | Reached skill level 5 in Ice Magic
  3130 | D:2      | Reached XP level 5. HP: 32/35 MP: 5/8
  3913 | D:3      | Reached skill level 5 in Dodging
  4263 | D:3      | Learned a level 3 spell: Ozocubu's Armour
  4332 | D:3      | Noticed Jessica
  4351 | D:3      | Killed Jessica
  4724 | D:3      | Reached skill level 1 in Charms
  5070 | D:4      | Noticed an ogre
  5142 | D:4      | Found a burning altar of Makhleb.
  5168 | D:4      | Reached XP level 6. HP: 29/41 MP: 1/9
  5607 | D:4      | Slain by an ogre

Vault maps used:
D:1:      dpeg_arrival_rooms_b, minmay_misc_feat_tower, lemuel_flame_loot_1
D:2:      ecumenical_altar_2, nicolae_underground_beach, uniq_iyjb
D:3:      first_bread, minmay_misc_feat_cross, minmay_misc_feat_encased,
          uniq_jessica
D:4:      bloody_makhleb, serial_shops, nicolae_shop_behind_doors,
          minmay_goblin_kobold_house

Skill      XL: |  1  2  3  4  5 |
---------------+----------------+-----
Dodging        | 3 4 5 |  5.2
Ice Magic      | 4 5 |  5.9
Charms         | 2 |  2.4
Stealth        | |  2.1
Spellcasting   | |  2.0
Conjurations   | |  0.7

Action                   |  1- 3 |  4- 6 || total
-------------------------+-------+-------++-------
Melee: Dagger            |   162 |   121 ||   283
       Short sword       |       |    13 ||    13
       Unarmed           |       |     4 ||     4
 Cast: Freeze            |    24 |    69 ||    93
       Throw Frost       |     9 |    16 ||    25
       Ozocubu's Armour  |       |     3 ||     3
  Use: Scroll            |       |     3 ||     3
 Stab: Sleeping          |     2 |     3 ||     5
  Eat: Pizza             |     1 |       ||     1
       Chunk             |     3 |    10 ||    13
       Beef jerky        |     1 |       ||     1
       Bread ration      |       |     1 ||     1
